 Dungeon Crawl Stone Soup version 0.27-a0-695-gb4952372f7 (webtiles) character file.

Game seed: 11126376703212069795

3507 rednaxela the Thaumaturge (level 9, -8/57 HPs)
             Began as a Mummy Fire Elementalist on Mar 21, 2021.
             Was a Follower of Vehumet.
             Splashed by an acid dragon's acid (12 damage)
             ... on level 8 of the Dungeon.
             The game lasted 00:29:49 (11262 turns).

rednaxela the Thaumaturge (MuFE)                   Turns: 11262, Time: 00:29:49

Health: -8/57      AC:  6    Str: 12    XL:     9   Next: 81%
Magic:  19/23      EV: 16    Int: 17    God:    Vehumet [*.....]
Gold:   386        SH:  0    Dex: 12    Spells: 14/28 levels left

rFire    x . .     SeeInvis +   g - +0 quarterstaff
rCold    + . .     Faith    .   (shield currently unavailable)
rNeg     + + +     Spirit   .   a - +0 robe
rPois    ∞         Reflect  .   f - +0 helmet
rElec    .         Harm     .   h - +2 cloak
rCorr    .         Rampage  .   (no gloves)
Will     +....                  (no boots)
Stlth    ++........             (no amulet)
HPRegen  0.19/turn              c - ring of see invisible
MPRegen  0.18/turn              l - +4 ring of evasion

@: about to teleport
A: cold resistance 1, negative energy resistance 3, torment resistance 2,
unbreathing 1, heat vulnerability 1, no potions
a: Renounce Religion


You were on level 8 of the Dungeon.
You worshipped Vehumet.
Vehumet was aware of your devotion.
You visited 2 branches of the dungeon, and saw 9 of its levels.
You also visited: Ossuary.

You collected 386 gold pieces.

Inventory:

Hand Weapons
 g - a +0 quarterstaff (weapon)
   (You found it on level 4 of the Dungeon)
 m - a +0 spear of venom
   (You took it off a gnoll on level 5 of the Dungeon)
Missiles
 j - a curare-tipped dart
Armour
 a - a +0 robe (worn)
 f - a +0 helmet (worn)
   (You took it off Robin on level 2 of the Dungeon)
 h - a +2 cloak (worn)
   (You found it on level 2 of the Dungeon)
 o - a +0 kite shield
   (You found it on level 6 of the Dungeon)
Jewellery
 c - a ring of see invisible (right hand)
   (You found it on level 1 of the Dungeon)
 l - a +4 ring of evasion (left hand)
   (You found it on level 6 of the Dungeon)
Wands
 k - a wand of iceblast (7) {@v2}
   (You took it off Ijyb on level 4 of the Dungeon)
 q - a wand of digging (8) {@v3}
   (You found it on level 7 of the Dungeon)
 s - a wand of polymorph (9)
   (You found it on level 8 of the Dungeon)
Scrolls
 b - a scroll of amnesia
 d - a scroll of blinking {@r4}
 e - 2 scrolls of magic mapping {@r5 !r}
 i - 2 scrolls of immolation
 n - 2 scrolls of holy word
 p - a scroll of teleportation {@r3 !r}
 r - a scroll of identify {@r1}


   Skills:
 - Level 1.5 Dodging
 - Level 1.5 Stealth
 + Level 10.1 Spellcasting
 + Level 6.8 Conjurations
 + Level 7.2 Fire Magic


You had 14 spell levels left.
You knew the following spells:

 Your Spells              Type           Power      Damage    Failure   Level
a - Foxfire               Conj/Fire      100%       2x1d9     1%          1
b - Sticky Flame          Conj/Fire      32%        2d5       4%          4
c - Fireball              Conj/Fire      16%        3d8       13%         5
A - Apportation           Tloc           16%        N/A       9%          1
F - Conjure Flame         Conj/Fire      32%        6-21      1%          3

Your spell library contained the following spells:

 Spells                   Type           Power      Damage    Failure   Level
 Freeze                   Ice            32%        1d5       9%          1
 Magic Dart               Conj           100%       1d8       1%          1
 Searing Ray              Conj           62%        3d5       1%          2
 Dazzling Flash           Conj/Hex       40%        N/A       6%          3
 Inner Flame              Hex/Fire       20%        N/A       6%          3
 Animate Skeleton         Necr           16%        N/A       9%          1
 Corona                   Hex            8%         N/A       9%          1
 Sting                    Tmut/Pois      32%        1d4       9%          1
 Summon Small Mammal      Summ           32%        N/A       9%          1
 Ignite Poison            Fire/Tmut/Pois 16%        N/A       10%         3
 Mephitic Cloud           Conj/Pois/Air  16%        N/A       10%         3
 Poisonous Vapours        Pois/Air       16%        N/A       13%         2
 Fulminant Prism          Conj/Hex       10%        3d9       21%         4
 Iskenderun's Mystic Bla  Conj/Tloc      20%        2d6       21%         4
 Lesser Beckoning         Tloc           4%         N/A       26%         3
 Animate Armour           Summ/Erth      16%        N/A       63%         4
 Manifold Assault         Tloc           8%         N/A       63%         4
 Olgreb's Toxic Radiance  Pois           8%         N/A       63%         4
 Spellforged Servitor     Conj/Summ      10%        N/A       100%        7
 Beastly Appendage        Tmut           Unusable   N/A       N/A         1
 Wereblood                Tmut           Unusable   N/A       N/A         2
 Spider Form              Tmut/Pois      Unusable   N/A       N/A         3
 Ice Form                 Ice/Tmut       Unusable   N/A       N/A         4
 Blade Hands              Tmut           Unusable   N/A       N/A         5

Dungeon Overview and Level Annotations

Branches:
Dungeon (8/15)             Temple (1/1) D:6         Ossuary (visited)
   Lair: D:8-11

Altars:
Ashenzari
Cheibriados
Dithmenos
Elyvilon
Fedhas
Gozag
Hepliaklqana
Makhleb
Nemelex Xobeh
Okawaru
Qazlal
Ru
Sif Muna
Trog
Uskayaw
Vehumet
Wu Jian
Xom
Zin
The Shining One

Annotations:
D:6 1 runed translucent door, jasper's ghost, novice DsTm
D:7 !gargoyle


Innate Abilities, Weirdness & Mutations

You are immune to poison.
Your flesh is cold resistant. (rC+)
You are immune to negative energy. (rN+++)
You are immune to unholy pain and torment.
You can survive without breathing.
You are vulnerable to heat. (rF-)
You do not drink.


Message History

The ice beast is moderately wounded.
The ice beast burns!
The ice beast misses you.
You hit the ice beast.
The ice beast is heavily wounded.
The ice beast burns! x2; The ice beast hits you.
The ice beast freezes you. You resist. The ice beast misses you.
You barely miss the ice beast.
The ice beast is almost dead.
The ice beast burns!
You kill the ice beast!
HP restored.
Found a stone staircase leading down.
A wyvern comes into view.
Found a great sword.
Casting: Sticky Flame (dangerous; 5% risk of failure)
Confirm with . or Enter, or press ? or * to list all spells.
Aiming: Sticky Flame (dangerous; 5% risk of failure)
Press: ? - help, Shift-Dir - straight line, f - wyvern
Aim: a wyvern (0% to evade)
The sticky flame hits the wyvern.
The wyvern is lightly wounded.
The wyvern is covered in liquid flames!
The wyvern burns!
The wyvern misses you. x2
You sock the wyvern!
The wyvern is heavily wounded.
The wyvern burns!
The wyvern barely misses you. The wyvern bites you!!
You thump the wyvern!
The wyvern is almost dead.
The wyvern burns!
You kill the wyvern!
Your Spellcasting skill increases to level 10!
You see here a +0 great sword.
You see here a +0 great sword.
A basilisk comes into view.
A basilisk is nearby!
Casting: Sticky Flame (dangerous; 4% risk of failure)
Confirm with . or Enter, or press ? or * to list all spells.
Aiming: Sticky Flame (dangerous; 4% risk of failure)
Press: ? - help, Shift-Dir - straight line, f - basilisk
Aim: a basilisk (0% to evade)
The sticky flame hits the basilisk!
The basilisk is moderately wounded.
The basilisk is covered in liquid flames!
The basilisk burns!
The basilisk gazes at you.
You easily resist.
You hit the basilisk.
The basilisk is heavily wounded.
The basilisk burns!
The basilisk gazes at you.
You easily resist.
You hit the basilisk.
The basilisk is severely wounded.
The basilisk burns!
The basilisk gazes at you.
You easily resist.
You sock the basilisk!
You kill the basilisk!
You see here a basilisk corpse.
An acid dragon comes into view.
The acid dragon spits acid at you. The splash of acid hits you!
You are splashed with acid!
* * * LOW HITPOINT WARNING * * *
You hear an angry hiss.
You hear a howl!
You start resting.
A howler monkey comes into view.
Okay, then.
The howler monkey hoots and howls with incredible vigour!
You hear an angry hiss.
Casting: Sticky Flame (dangerous; 4% risk of failure)
Confirm with . or Enter, or press ? or * to list all spells.
Aiming: Sticky Flame (dangerous; 4% risk of failure)
Press: ? - help, Shift-Dir - straight line, f - acid dragon
Aim: an acid dragon (0% to evade)
The sticky flame hits the acid dragon.
The acid dragon is lightly wounded.
The acid dragon is covered in liquid flames!
The acid dragon burns!
You hit the acid dragon.
The acid dragon is moderately wounded.
The acid dragon burns! x2; The acid dragon bites you!
* * * LOW HITPOINT WARNING * * *
The acid dragon claws you but does no damage.
The acid dragon bites you!
* * * LOW HITPOINT WARNING * * *
The acid dragon claws you.
* * * LOW HITPOINT WARNING * * *
You can't drink.
Really read
p - 2 scrolls of teleportation {@r3 !r}?
As you read the scroll of teleportation {@r3 !r}, it crumbles to dust.
You feel strangely unstable.
The acid dragon burns!
The acid dragon bites you!
* * * LOW HITPOINT WARNING * * *
The acid dragon barely misses you.
You hit the acid dragon.
The acid dragon is severely wounded.
The acid dragon burns!
The acid dragon stops burning.
The acid dragon spits acid at you.
The splash of acid hits you but does no damage.
You are splashed with acid!
You die...

#.# #.#.#.#...).<....
#.# #.......######.##
#.# #.#.###.# #.# .. #.#
#.......# #.# ## #.#
#######.# #.# #.# #.#
#.# #### ### ###
############..###
##.........###†#@#
.)...###.......D######..
..##.# ##............D..
##.### #####...........
#### ##..#.......
..####...#.. ### ###..#
##


You could see an acid dragon (catching breath).

Vanquished Creatures
  Joseph (D:8)
  Prince Ribbit (D:5)
  A wyvern (D:8)
  A yak (D:7)
  A basilisk (D:8)
  A vampire mosquito (D:7)
  Duvessa (D:5)
  2 ice beasts
  An orc warrior (D:7)
  A centaur (D:8)
  7 ogres
  A kobold brigand (D:7)
  Blork the orc (D:6)
  A wyvern zombie (D:6)
  Dowan (D:5)
  A scorpion (D:8)
  A howler monkey (D:5)
  3 centaur zombies (Ossuary)
  3 hounds
  3 orc priests
  Crazy Yiuf (D:2)
  2 bullfrog skeletons (D:5)
  Ijyb (D:4)
  5 orc wizards
  7 worker ants
  6 mummies (Ossuary)
  Robin (D:2)
  7 gnolls
  9 adders
  A howler monkey skeleton (D:7)
  A shadow imp (D:6)
  An ufetubus (D:6)
  2 adder skeletons
  4 worms
  2 dart slugs
  5 leopard geckos
  9 orcs
  9 giant cockroaches
  23 goblins
  10 hobgoblins
  3 quokkas
  2 ball pythons (D:3)
  7 bats
  7 frilled lizards
  4 hobgoblin zombies (Ossuary)
  10 kobolds
  A leopard gecko skeleton (D:5)
  8 rats
181 creatures vanquished.

Vanquished Creatures (collateral kills)
  2 foxfires (D:1)
2 creatures vanquished.

Vanquished Creatures (others)
  An orc wizard (D:5)
  450 foxfires
  A fungus (D:2)
  4 plants
  2 withered plants (D:6)
458 creatures vanquished.

Grand Total: 641 creatures vanquished

Notes
Turn   | Place    | Note
-------+----------+-------------------------------------------
     0 | D:1      | rednaxela the Mummy Fire Elementalist began the quest for
                  | the Orb.
     0 | D:1      | Reached XP level 1. HP: 13/13 MP: 4/4
    13 | D:1      | Identified the Compendium of Free Will
   168 | D:1      | Reached skill level 1 in Conjurations
   328 | D:1      | Reached skill level 3 in Spellcasting
   330 | D:1      | Reached XP level 2. HP: 19/19 MP: 3/6
  1037 | D:1      | Reached XP level 3. HP: 24/24 MP: 4/7
  1540 | D:2      | Found a shimmering altar of Xom.
  1624 | D:2      | Noticed Robin
  1676 | D:2      | Reached skill level 3 in Fire Magic
  1684 | D:2      | Killed Robin
  1701 | D:2      | Reached XP level 4. HP: 24/30 MP: 2/9
  1921 | D:2      | Reached skill level 2 in Conjurations
  2018 | D:2      | Reached skill level 4 in Spellcasting
  2540 | D:2      | Found a runed translucent door.
  2541 | D:2      | Noticed Crazy Yiuf
  2667 | D:3      | Reached XP level 5. HP: 35/35 MP: 6/11
  2751 | D:3      | Learned a level 3 spell: Conjure Flame
  3002 | D:2      | Learned a level 4 spell: Sticky Flame
  3004 | D:2      | Learned a level 1 spell: Apportation
  3102 | D:3      | Found a bloodstained altar of Trog.
  3123 | D:3      | Reached XP level 6. HP: 41/41 MP: 9/13
  3288 | D:3      | Reached skill level 5 in Spellcasting
  3703 | D:4      | Reached skill level 3 in Conjurations
  3858 | D:4      | Reached skill level 4 in Fire Magic
  3865 | D:4      | Learned a level 5 spell: Fireball
  3943 | D:5      | Entered Level 5 of the Dungeon
  4018 | D:4      | Reached XP level 7. HP: 18/46 MP: 11/15
  4368 | D:4      | Reached skill level 6 in Spellcasting
  4637 | D:4      | Noticed Ijyb
  5352 | D:4      | Killed Ijyb
  5357 | D:4      | Found a hazy altar of Hepliaklqana.
  5632 | D:6      | Found a staircase to the Ecumenical Temple.
  5650 | Temple   | Entered the Ecumenical Temple
  6044 | D:6      | Reached skill level 4 in Conjurations
  6046 | D:6      | Found a runed translucent door.
  6174 | D:5      | Noticed Prince Ribbit
  6186 | D:5      | Killed Prince Ribbit
  6187 | D:5      | Reached skill level 7 in Spellcasting
  6187 | D:5      | Reached skill level 5 in Fire Magic
  6187 | D:5      | Reached XP level 8. HP: 42/52 MP: 13/18
  6393 | D:5      | Found an opulent altar of Gozag.
  6492 | D:5      | Found a radiant altar of Vehumet.
  6526 | D:5      | Found an ornate altar of the Wu Jian Council.
  6554 | D:5      | Noticed Dowan
  6565 | D:5      | Killed Dowan
  6976 | D:5      | Noticed Duvessa
  6990 | D:5      | Killed Duvessa
  6991 | D:5      | Reached skill level 5 in Conjurations
  7202 | D:6      | Noticed jasper's ghost (novice DsTm)
  7445 | D:6      | Reached skill level 8 in Spellcasting
  7619 | D:6      | Noticed Blork the orc
  7622 | D:6      | Found a blossoming altar of Fedhas.
  7648 | D:6      | Killed Blork the orc
  7649 | D:6      | Reached skill level 6 in Fire Magic
  7842 | D:6      | Found a stormy altar of Qazlal.
  7913 | D:6      | Found a shimmering blue altar of Sif Muna.
  7994 | D:5      | Became a worshipper of Vehumet
  8134 | D:2      | Killed Crazy Yiuf
  8677 | D:7      | Reached XP level 9. HP: 40/57 MP: 13/21
  8906 | D:7      | Found a sparkling altar of Nemelex Xobeh.
  9340 | D:7      | Noticed a gargoyle
  9365 | D:7      | Reached skill level 9 in Spellcasting
  9594 | D:8      | Found a sand-covered staircase.
  9612 | Ossuary  | Entered an ossuary
  9628 | Ossuary  | Reached skill level 6 in Conjurations
 10125 | D:8      | Found a flagged portal.
 10141 | D:8      | Reached * piety under Vehumet
 10141 | D:8      | Offered knowledge of Freeze by Vehumet.
 10394 | D:8      | Noticed Joseph
 10411 | D:8      | Killed Joseph
 10917 | D:8      | Reached skill level 7 in Fire Magic
 11111 | D:8      | Reached skill level 10 in Spellcasting
 11262 | D:8      | Splashed by an acid dragon's acid

Illustrated notes

Levels and vault maps discovered:
D:1:      dpeg_arrival_lava_altar, layout_basic, serial_bayou,
          serial_bayou_pond_a, serial_bayou_lake_a, serial_bayou_pond_d,
          serial_bayou_pond_c
D:2:      layout_loops_corners, general_overflow_altar, minivault_4, hex_medium,
          grunt_ministairs_2, uniq_crazy_yiuf_cottage, uniq_robin
D:3:      layout_rooms, gammafunk_temple_overflow_elements
D:4:      layout_basic, kennysheep_mini_moat, uniq_ijyb
D:5:      layout_rooms, nicolae_overflow_quartered_altars, glass_columns_a,
          uniq_duvessa, uniq_prince_ribbit1
D:6:      layout_basic, grunt_temple_overflow_forces_of_nature,
          lemuel_blue_sif_altar, minmay_temple_entry_gardened_gates,
          gammafunk_ghost_grave, uniq_blork_the_orc
D:7:      minmay_chambers_of_sevens, layout_cave_pools, basic_altar
D:8:      layout_loops_ring, old_standard_altar, erik_lair_dragon, serial_glass,
          glass_columns_c, glass_columns_c, glass_columns_b, glass_columns_c,
          glass_columns_c, glass_columns_a, minmay_strange_pillars,
          nicolae_ossuary_entry_false_entrances, enter_bailey_7,
          minmay_misc_feat_enclosed, grunt_ashenzari_visionary
          [grunt_ashenzari_visionary_swamp, grunt_ashenzari_visionary_spider],
          uniq_erica, uniq_joseph
Temple:   compressed_dpeg_triangle_lava_temple

Skill      XL: |  1  2  3  4  5  6  7  8  9 |
---------------+----------------------------+-----
Conjurations   | 1 2 3 4 5 6 |  6.8
Spellcasting   | 3 4 5 7 8 10 | 10.1
Fire Magic     | 3 4 5 6 7 |  7.2
Dodging        | |  1.5
Stealth        | |  1.5

Action                   |  1- 3 |  4- 6 |  7- 9 || total
-------------------------+-------+-------+-------++-------
Melee: Unarmed           |     4 |     1 |       ||     5
       Mace              |       |     1 |       ||     1
       Quarterstaff      |       |       |    77 ||    77
Throw: Dart              |       |       |     1 ||     1
 Cast: Foxfire           |    72 |    99 |    99 ||   270
       Sticky Flame      |       |       |    56 ||    56
       Conjure Flame     |       |       |     2 ||     2
  Use: Scroll            |       |       |     9 ||     9
Armor: Robe              |     4 |    23 |    30 ||    57
Dodge: Dodged            |    14 |    31 |   142 ||   187

Table legend: (Time is in decaauts)
 A = Elapsed time spent in this place.
 B = Non-inter-level travel time spent in this place.
 C = Inter-level travel time spent in this place.
 D = Time resting spent in this place.
 E = Time spent auto-exploring this place.
 F = Levels seen in this place.
 G = Mean time per level.
                   A        B        C        D        E       F      G
               +--------+--------+--------+--------+--------+-----+--------+
         Total |  11332 |  10775 |    557 |   2552 |   6183 |  10 | 1133.2 |
       Dungeon |  10673 |  10122 |    551 |   2280 |   5897 |   8 | 1334.1 |
        Temple |    260 |    254 |      6 |      0 |    248 |   1 |  260.0 |
       Ossuary |    399 |    399 |      0 |    272 |     38 |   1 |  399.0 |
               +--------+--------+--------+--------+--------+-----+--------+

Top non-repeatable levels by time:
     D:2: 2195 daAuts
     D:4: 1935 daAuts
     D:8: 1285 daAuts
     D:1: 1163 daAuts
     D:6: 1152 daAuts
     D:5: 1107 daAuts
     D:7: 1024 daAuts
     D:3: 809 daAuts
 Ossuary: 399 daAuts
  Temple: 260 daAuts
